Map: [ESL] Oceanborn

Players

Erik

  • Race: Zerg Zerg
  • Spawn Location: 5:00

eGGz - Winner!

  • Race: Zerg Zerg
  • Spawn Location: 11:00

Event: ESL SC2 Masters 2023 Winter (Regional)

VOD

Have the link to the VOD?

Description

Time

  • Played on: Nov. 3, 2023, 2:55 p.m.
  • Length: 8:10

All games in this series

Show
View Real Time Build Order
Export as new Build Order

Erik Zerg 

Build Orders: Hatch First, Ravager All-In 

Get SALT Encoding   

  12  0:00  Drone  
  13  0:08  Drone  
  14  0:32  Hatchery  
  13  0:36  Drone  
  14  0:43  Overlord  
  14  0:59  Spawning Pool  
  14  1:02  Drone  
  14  1:06  Drone  
  14  1:11  Drone  
  16  1:14  Drone  
  18  1:25  Drone  
  18  1:35  Drone  
  19  1:43  Extractor  
  19  1:44  Drone  
  19  1:46  Queen x2  
  23  1:49  Drone  
  24  1:55  Drone  
  24  1:56  Drone  
  26  2:07  Overlord  
  26  2:09  Drone  
  27  2:17  Drone  
  28  2:27  Overlord  
  28  2:28  Drone  
  28  2:29  Drone  
  30  2:37  Extractor  
  30  2:38  Drone  
  30  2:40  Drone  
  31  2:44  Roach Warren  
  31  2:47  Metabolic Boost  
  31  2:51  Overlord  
  30  2:52  Drone  
  30  2:55  Drone x4  
  30  2:57  Drone  
  36  3:00  Drone  
  37  3:06  Overlord  
  37  3:10  Overlord  
  37  3:25  Roach  
  37  3:26  Roach x4  
  47  3:30  Roach  
  47  3:33  Roach  
  51  3:38  Roach  
  51  3:40  Zergling x6  
  56  3:48  Ravager  
  56  3:51  Zergling x2  
  58  3:55  Zergling x2  
  58  4:01  Zergling x8, Extractor  
  62  4:03  Zergling x2  
  62  4:08  Overlord  
  62  4:09  Zergling x4  
  65  4:11  Ravager  
  65  4:13  Ravager  
  67  4:18  Zergling x2  
  68  4:30  Roach  
  65  4:36  Zergling x10  
  65  4:37  Zergling x8  
  74  4:41  Roach  
  74  4:44  Ravager  
  74  4:50  Zergling x2  
  74  4:51  Zergling x4  
  74  4:52  Ravager  
  70  4:57  Lair  
  66  5:01  Ravager  
  66  5:04  Zergling x2  
  66  5:05  Zergling x4  
  69  5:14  Ravager  
  69  5:18  Zergling x4  
  72  5:21  Ravager  
  72  5:22  Ravager  
  72  5:27  Zergling x2  
  72  5:28  Zergling x2  
  76  5:32  Hatchery  
  76  5:33  Overlord  
  76  5:34  Zergling x4  
  76  5:35  Zergling x6  
  63  5:45  Zergling x4  
  63  5:49  Extractor  
  62  5:54  Drone  
  62  5:58  Spire  
  61  6:08  Zergling x8  
  61  6:09  Zergling x4  
  67  6:14  Zergling x2  
  67  6:25  Overlord  
  65  6:27  Drone x2  
  65  6:28  Roach x2  
  65  6:29  Roach x2  
  75  6:35  Zergling x4  
  66  6:51  Zergling x8  
  62  7:01  Zergling x12  
  56  7:02  Zergling x2  
  57  7:12  Mutalisk x2  
  61  7:18  Mutalisk  
  63  7:26  Mutalisk  
  65  7:30  Mutalisk  
  65  7:34  Mutalisk  
  69  7:40  Mutalisk  
  71  7:48  Zergling x8  
Show
View Real Time Build Order
Export as new Build Order

eGGz Zerg - Winner!

Build Orders: Hatch First 

Get SALT Encoding   

  12  0:00  Drone  
  13  0:12  Overlord  
  13  0:17  Drone  
  14  0:31  Drone x2  
  16  0:48  Hatchery  
  15  0:52  Drone  
  16  1:04  Spawning Pool  
  16  1:08  Drone  
  16  1:11  Drone  
  17  1:14  Extractor  
  17  1:16  Drone  
  17  1:21  Drone  
  18  1:29  Drone  
  19  1:52  Drone, Queen  
  22  1:57  Overlord  
  22  2:00  Queen  
  22  2:01  Zergling x2  
  25  2:05  Drone  
  26  2:13  Drone x2  
  28  2:16  Metabolic Boost  
  28  2:22  Drone  
  29  2:24  Drone  
  30  2:35  Drone x2  
  32  2:42  Evolution Chamber  
  31  2:46  Drone  
  31  2:47  Drone  
  33  2:51  Roach Warren  
  33  2:55  Overlord  
  33  2:58  Drone  
  33  3:01  Drone x2  
  33  3:02  Drone  
  36  3:13  Zerg Ground Armor Level 1  
  36  3:14  Drone x4  
  36  3:17  Drone  
  36  3:18  Extractor  
  40  3:20  Overlord  
  40  3:28  Overlord  
  40  3:30  Drone  
  41  3:35  Drone  
  42  3:45  Hatchery  
  42  3:48  Roach x3  
  47  3:49  Zergling x2  
  47  3:50  Zergling x2  
  47  3:54  Overlord  
  47  3:55  Zergling x2  
  50  4:01  Zergling x4  
  52  4:09  Roach  
  54  4:10  Ravager  
  54  4:12  Zergling x2  
  54  4:16  Roach x3  
  62  4:19  Zergling x2, Roach  
  62  4:20  Zergling x2  
  66  4:25  Roach  
  66  4:26  Overlord  
  67  4:33  Overlord  
  67  4:38  Overlord  
  66  4:46  Roach x2  
  66  4:51  Zergling x4, Roach x4  
  64  5:00  Roach  
  64  5:02  Queen  
  64  5:03  Roach  
  70  5:11  Zergling x2  
  71  5:15  Zergling x2  
  71  5:16  Hatchery  
  71  5:20  Zergling x2  
  72  5:24  Zergling x2  
  73  5:34  Zergling x4  
  67  5:38  Zergling x2  
  67  5:39  Zergling x4  
  67  5:41  Roach Warren, Queen x2  
  66  5:46  Zergling x2  
  67  5:55  Zergling x2  
  67  5:56  Zergling x2  
  68  6:01  Zergling x8  
  72  6:10  Zergling x2  
  73  6:15  Zergling x2  
  74  6:20  Lair  
  74  6:23  Zergling x6  
  74  6:25  Ravager x4  
  80  6:26  Zergling x4  
  80  6:27  Zergling x4  
  80  6:28  Zergling x2  
  84  6:37  Roach  
  76  6:45  Zergling x6  
  73  6:49  Zergling x8  
  73  6:52  Zergling x2  
  74  6:55  Zergling x2  
  74  6:56  Zergling x4  
  74  7:02  Extractor  
  74  7:03  Zergling x2, Extractor  
  74  7:04  Zergling x4  
  75  7:08  Roach  
  75  7:11  Hatchery  
  75  7:14  Ravager x2  
  75  7:15  Ravager  
  78  7:16  Zergling x2  
  78  7:17  Zergling x2  
  78  7:19  Zergling x2  
  80  7:26  Zergling x8  
  80  7:27  Zergling x6  
  86  7:34  Zergling x6  
  89  7:41  Drone  
  81  7:51  Zergling x10  
Tags
 
Add a new tag
Caveats
  • Supply blocks, unpowered buildings, or Contaminate may cause inaccurate times.
  • Supply counts are checked every 10 seconds.